Map: Eternal Empire LE

Players

Ashiro - Winner!

  • Race: Zerg Zerg
  • League: Master
  • Spawn Location: 1:00

reflection

  • Race: Protoss Protoss
  • League: Diamond
  • Spawn Location: 7:00

VOD

Have the link to the VOD?

Description

Time

  • Played on: Sept. 8, 2020, 11:23 a.m.
  • Length: 12:58
Show
View Real Time Build Order
Export as new Build Order

Ashiro Zerg - Winner!

Build Orders: Hatch First, Roach Hydra 

Get SALT Encoding   

  12  0:00  Drone  
  13  0:12  Overlord  
  13  0:17  Drone  
  14  0:31  Drone x2  
  16  0:48  Hatchery  
  15  0:54  Drone  
  15  0:55  Drone  
  17  0:59  Drone  
  18  1:10  Extractor  
  17  1:14  Spawning Pool  
  17  1:18  Drone  
  17  1:22  Drone  
  18  1:29  Drone  
  19  1:40  Drone  
  21  2:05  Roach Warren, Queen  
  21  2:06  Hatchery  
  21  2:07  Extractor  
  20  2:10  Overlord  
  20  2:31  Drone x2  
  22  2:45  Roach  
  22  2:46  Roach  
  26  2:51  Lair  
  26  2:59  Roach  
  28  3:15  Drone x2  
  28  3:18  Drone x3  
  28  3:19  Queen  
  33  3:26  Overlord  
  35  3:34  Drone  
  35  3:36  Overlord  
  36  3:51  Drone, Hydralisk Den  
  36  3:53  Drone x2  
  38  4:02  Drone x3  
  41  4:05  Drone  
  42  4:10  Drone  
  43  4:19  Drone x4  
  43  4:24  Grooved Spines  
  47  4:46  Drone  
  47  4:48  Overlord  
  47  4:49  Hatchery  
  47  4:57  Drone  
  47  4:59  Evolution Chamber  
  47  5:01  Drone x2, Extractor  
  47  5:02  Extractor  
  47  5:05  Drone  
  47  5:06  Drone x2  
  50  5:07  Drone x2  
  50  5:09  Drone  
  53  5:15  Hydralisk  
  53  5:16  Hydralisk  
  53  5:21  Overlord  
  57  5:25  Zerg Missile Weapons Level 1  
  57  5:34  Drone x3  
  57  5:35  Muscular Augments  
  60  5:36  Overlord  
  60  5:37  Overlord  
  60  5:41  Drone  
  61  5:43  Drone  
  61  5:46  Hydralisk x2  
  61  5:48  Hydralisk  
  68  5:51  Overseer  
  68  5:59  Hydralisk x2  
  68  6:02  Drone x2  
  74  6:05  Queen  
  74  6:12  Roach x2  
  74  6:13  Ravager  
  74  6:14  Ravager  
  82  6:18  Roach x2  
  82  6:22  Overlord  
  88  6:25  Roach x2  
  88  6:29  Overlord  
  88  6:32  Roach  
  90  6:46  Roach  
  88  6:47  Roach x7  
  80  6:57  Roach x3  
  64  7:12  Drone  
  64  7:13  Drone x4  
  56  7:20  Drone  
  56  7:21  Drone x2  
  59  7:31  Drone x3  
  62  7:46  Drone  
  62  7:47  Drone x2  
  62  7:48  Drone  
  62  7:50  Drone  
  67  7:51  Drone  
  67  7:52  Drone x3  
  67  7:55  Glial Reconstitution  
  67  7:56  Zerg Missile Weapons Level 2  
  71  8:11  Hydralisk x4  
  79  8:17  Drone x3  
  82  8:21  Queen  
  82  8:25  Drone x3  
  87  8:28  Roach  
  87  8:33  Drone x4  
  93  8:40  Roach x3  
  99  8:48  Drone, Extractor  
  98  8:49  Extractor  
  98  8:50  Drone x3  
  98  8:53  Drone x3  
  104  9:04  Overlord x2  
  104  9:07  Hatchery  
  103  9:12  Infestation Pit, Drone  
  103  9:15  Drone  
  104  9:19  Overseer  
  104  9:21  Overseer  
  104  9:22  Hydralisk  
  104  9:23  Hydralisk x3  
  112  9:31  Roach  
  112  9:32  Roach x4  
  122  9:41  Lurker Den  
  121  9:46  Overlord x5  
  121  9:52  Hive  
  121  10:11  Spire  
  121  10:12  Drone  
  121  10:13  Drone x11  
  132  10:20  Ravager x8  
  142  10:21  Roach x3  
  142  10:27  Roach x3  
  152  10:30  Roach  
  152  10:34  Roach x2  
  158  10:46  Roach x5  
  158  10:47  Overlord  
  158  10:48  Overlord x2  
  168  10:55  Unknown  
  163  11:06  Roach x2  
  163  11:07  Roach x10  
  151  11:14  Roach x2  
  140  11:21  Roach x5  
  134  11:26  Roach x5  
  135  11:33  Roach x2  
  106  11:55  Roach x6  
  111  12:06  Roach x5  
  113  12:12  Roach x7  
  125  12:18  Roach  
  127  12:24  Hatchery  
  127  12:25  Drone  
  127  12:28  Hydralisk x2  
  139  12:45  Ravager x5  
  139  12:48  Ravager  
Show
View Real Time Build Order
Export as new Build Order

reflection Protoss 

Build Orders:  

Get SALT Encoding   

  12  0:00  Probe  
  13  0:12  Probe  
  14  0:20  Pylon  
  14  0:25  Probe  
  15  0:38  Probe (Chrono Boost)  
  15  0:42  Forge  
  16  0:47  Probe (Chrono Boost)  
  17  0:52  Probe (Chrono Boost)  
  18  1:00  Gateway  
  18  1:03  Assimilator  
  18  1:17  Pylon  
  18  1:30  Assimilator  
  18  1:41  Photon Cannon  
  18  1:45  Photon Cannon  
  18  2:08  Nexus  
  18  2:12  Cybernetics Core  
  18  2:14  Photon Cannon  
  18  2:16  Probe (Chrono Boost)  
  18  2:20  Assimilator  
  19  2:26  Probe (Chrono Boost)  
  20  2:31  Probe (Chrono Boost)  
  20  2:36  Pylon  
  21  2:43  Probe, Warp Gate (Chrono Boost)  
  22  2:55  Probe  
  23  3:06  Robotics Facility  
  23  3:07  Probe  
  24  3:18  Shield Battery  
  24  3:19  Probe  
  24  3:20  Stalker  
  24  3:24  Probe  
  27  3:31  Probe, Protoss Ground Weapons Level 1  
  28  3:35  Shield Battery  
  28  3:37  Pylon  
  28  3:43  Probe  
  28  3:45  Probe  
  31  3:55  Probe  
  31  4:01  Immortal (Chrono Boost)  
  35  4:10  Gateway  
  35  4:16  Probe x2  
  37  4:21  Gateway  
  37  4:34  Probe  
  37  4:35  Immortal (Chrono Boost)  
  37  4:36  Probe  
  43  4:50  Gateway  
  43  4:52  Gateway  
  43  4:55  Gateway  
  43  5:00  Gateway  
  43  5:05  Pylon  
  43  5:07  Probe  
  43  5:08  Probe  
  43  5:12  Warp Prism (Chrono Boost)  
  47  5:24  Probe  
  47  5:28  Pylon  
  48  5:32  Sentry  
  48  5:34  Sentry  
  52  5:35  Stalker  
  52  5:36  Protoss Ground Armor Level 1 (Chrono Boost)  
  54  5:50  Zealot x3  
  60  6:00  Pylon  
  60  6:02  Pylon  
  60  6:03  Pylon  
  60  6:20  Stalker x2  
  60  6:21  Stalker x2  
  60  6:22  Zealot x2  
  60  6:23  Zealot  
  48  7:21  Immortal (Chrono Boost)  
  40  7:28  Assimilator  
  44  7:32  Assimilator  
  44  7:33  Gateway  
  44  7:35  Gateway  
  44  7:36  Gateway  
  44  7:39  Gateway  
  44  7:41  Zealot  
  44  7:42  Stalker  
  44  7:43  Stalker x3  
  54  7:46  Probe x2  
  56  7:57  Twilight Council  
  56  7:58  Probe  
  56  7:59  Probe  
  56  8:03  Immortal (Chrono Boost)  
  64  8:13  Gateway  
  62  8:22  Zealot x2  
  62  8:23  Zealot x3  
  62  8:24  Zealot x2  
  76  8:27  Protoss Ground Weapons Level 2 (Chrono Boost)  
  76  8:28  Charge (Chrono Boost)  
  76  8:34  Warp Prism  
  78  8:44  Stalker  
  78  8:45  Stalker  
  78  8:46  Zealot  
  84  9:03  Sentry x2  
  84  9:04  Zealot  
  84  9:05  Zealot x2  
  84  9:09  Pylon  
  94  9:11  Pylon  
  94  9:14  Pylon  
  94  9:42  Zealot x5  
  94  9:43  Zealot x3  
  110  9:49  Pylon  
  110  9:52  Pylon  
  110  10:13  Dark Shrine  
  110  10:19  Sentry x2  
  110  10:20  Sentry x2  
  110  10:21  Zealot x4  
  122  10:24  Sentry  
  122  10:25  Zealot  
  122  10:26  Sentry  
  132  10:42  Pylon  
  132  10:52  Zealot  
  120  11:08  Zealot  
  120  11:09  Zealot x6  
  120  11:10  Zealot x2  
  86  11:38  Dark Templar x4  
  86  11:39  Dark Templar x2  
  70  11:55  Archon x2  
  70  11:56  Archon  
  46  12:17  Dark Templar x3  
  46  12:18  Dark Templar x2  
  46  12:21  Archon x2  
  54  12:24  Dark Templar  
  54  12:25  Zealot x2  
  54  12:26  Zealot x2  
  54  12:27  Zealot  
  66  12:31  Archon  
Tags
 
Add a new tag
Caveats
  • Supply blocks, unpowered buildings, or Contaminate may cause inaccurate times.
  • Supply counts are checked every 10 seconds.